 Dungeon Crawl Stone Soup version 0.24.1-8-ga250c9d538 (webtiles) character file.

Game seed: 14242750958732167895, levelgen mode: deterministic

83 Gwenloh the Poker (level 4, -7/33 HPs)
             Began as a Merfolk Skald on May 8, 2020.
             Killed from afar by an orc wizard (9 damage)
             ... with a magic dart
             ... on level 3 of the Dungeon.
             The game lasted 00:08:44 (1527 turns).

Gwenloh the Poker (Merfolk Skald)                   Turns: 1527, Time: 00:08:45

Health: -7/33      AC:  3    Str: 11    XL:     4   Next: 44%
Magic:  0/7        EV: 28    Int: 13    God:
Gold:   128        SH:  0    Dex: 13    Spells: 2/7 levels left

rFire    . . .     SeeInvis .   a - +0 spear
rCold    . . .     Gourm    .   (no shield)
rNeg     + . .     Faith    .   b - +0 leather armour
rPois    .         Spirit   .   (no helmet)
rElec    .         Reflect  .   (no cloak)
rCorr    .         Harm     .   (no gloves)
MR       .....                  (no boots)
Stlth    +.........             p - amulet of the acrobat
HPRegen  0.11/turn              (no ring)
MPRegen  0.10/turn              c - ring of positive energy

@: infused (expiring), acrobat
A: change form in water, swift swim, stealthy swim
a: no special abilities


You were on level 3 of the Dungeon.
You were not hungry.

You visited 1 branch of the dungeon, and saw 3 of its levels.

You collected 128 gold pieces.

Inventory:

Hand Weapons
 a - a +0 spear (weapon)
Missiles
 e - 3 silver boomerangs (quivered)
 g - a throwing net
 h - 159 stones
 i - 23 poisoned darts
Armour
 b - a +0 leather armour (worn)
Jewellery
 c - a ring of positive energy (right hand)
 j - an uncursed ring of ice
 p - an amulet of the acrobat (around neck)
Scrolls
 l - 2 scrolls of remove curse
 n - a scroll of immolation {unknown}
 q - a scroll of amnesia {unknown}
 r - a scroll of identify {unknown}
 v - a scroll of random uselessness {unknown}
Potions
 f - 3 potions of flight {unknown}
 k - a potion of might {unknown}
 m - 2 potions of mutation {unknown}
 s - 2 potions of heal wounds {unknown}
 t - 2 potions of curing {unknown}
 u - a potion of brilliance {unknown}
 w - 2 potions of haste {unknown}
Comestibles
 d - 6 rations
 o - 4 chunks of flesh


   Skills:
 - Level 2.1 Fighting
 * Level 4.1 Polearms
 + Level 0.8 Throwing
 - Level 0.6 Armour
 * Level 3.9 Dodging
 + Level 2.3 Spellcasting
 * Level 4.0 Charms


You had 2 spell levels left.
You knew the following spells:

 Your Spells              Type           Power        Failure   Level  Hunger
a - Infusion              Chrm           ##..         6%          1    #......
b - Song of Slaying       Chrm           ##......     10%         2    ###....
c - Shroud of Golubria    Chrm/Tloc      #.....       22%         2    ###....

Your spell library contained the following spells:

 Spells                   Type           Power        Failure   Level  Hunger
 Regeneration             Chrm/Necr      #.........   38%         3    ###....
 Spectral Weapon          Hex/Chrm       #.......     38%         3    ###....


Dungeon Overview and Level Annotations

Branches:
Dungeon (3/15)

Altars:
Ashenzari
Gozag


Message History

Your shroud bends the orc priest's attack away.
You hit the orc priest.
You kill the orc priest!
Your Polearms skill increases to level 4!
Your Charms skill increases to level 4!
You have reached level 4!
Something hits you but does no damage. The orc hits you but does no damage.
Something misses you.
The centaur wields a +0 shortbow.
The centaur shoots an arrow.
The arrow completely misses you.
Your magical infusion is running out.
The centaur shoots an arrow.
The arrow hits you!
* * * LOW HITPOINT WARNING * * *
You see here an arrow.
Your shroud unravels.
Something hits you.
* * * LOW HITPOINT WARNING * * *
Something completely misses you.
A magic dart appears from out of thin air!
The magic dart hits you!
You die...

##._#.#.#.#. #..#.#(#.#.#.
##.#.....#...#.#.
#.............#.#.#.
#.###.....###..#.#.#
#.#####_#####.#.#.#+..
#####.###.....###..#.#.#.%
#.................#c#.#..
#####.##.#.#@#.#.#.#.#.#
#.#.#.#.#.#.#.#.#.#
#####.##.#.#.#{#.#.#g#
#.......#.#.#.#(#.#.#
####.#.#.#.#.#.#.#o#
#......#.#'#.#รท#.#)#
......#.#.#..(#.#.#.#.#
#.....#..#'...'#.#.#.#'#
#.....#.#.#...#.#.#......


There were no monsters in sight!

Vanquished Creatures
  An orc priest (D:3)
  An adder (D:2)
  A dart slug (D:1)
  A leopard gecko (D:3)
  2 orcs (D:3)
  8 goblins
  4 hobgoblins
  5 jackals
  A ball python (D:2)
  5 frilled lizards
  3 kobolds
  3 rats
35 creatures vanquished.

Vanquished Creatures (others)
  An orc (D:3)
  A kobold (D:3)
2 creatures vanquished.

Grand Total: 37 creatures vanquished

Notes
Turn   | Place    | Note
-------+----------+-------------------------------------------
     0 | D:1      | Gwenloh the Merfolk Skald began the quest for the Orb.
     0 | D:1      | Reached XP level 1. HP: 16/16 MP: 3/3
   187 | D:1      | Reached XP level 2. HP: 21/22 MP: 1/5
   704 | D:2      | Reached XP level 3. HP: 27/27 MP: 2/6
   952 | D:1      | Learned a level 2 spell: Song of Slaying
   955 | D:1      | Learned a level 2 spell: Shroud of Golubria
  1460 | D:3      | Found an opulent altar of Gozag.
  1461 | D:3      | Found a shattered altar of Ashenzari.
  1518 | D:3      | Noticed a centaur
  1521 | D:3      | Reached XP level 4. HP: 15/33 MP: 0/7
  1527 | D:3      | Killed from afar by an orc wizard

Levels and vault maps discovered:
D:1:      eino_arrival_cavern_c, layout_rooms
D:2:      layout_basic
D:3:      layout_basic, cheibrodos_ashenzari_chains,
          nicolae_overflow_hidden_temple, overflow_temple_1_default,
          roderic_lattice_a

Skill      XL: |  1  2  3 |
---------------+----------+-----
Dodging        | 3 |  3.9
Polearms       | 4 |  4.1
Charms         | 4 |  4.0
Fighting       | |  2.1
Throwing       | |  0.8
Armour         | |  0.6
Spellcasting   | |  2.3

Action                   |  1- 3 |  4- 6 || total
-------------------------+-------+-------++-------
Melee: Spear             |   106 |       ||   106
Throw: Boomerang         |    37 |       ||    37
 Cast: Infusion          |     3 |       ||     3
       Shroud of Golubri |     2 |       ||     2
  Use: Scroll            |     1 |       ||     1
 Stab: Sleeping          |     1 |       ||     1
  Eat: Chunk             |     2 |       ||     2
Armor: Leather armour    |    13 |     2 ||    15
Dodge: Dodged            |    60 |     3 ||    63
